PA
VALLEY BLUE SOX @ PROVO MANGO
08/12/2034
 
TOP OF THE 1ST
Valley Blue Sox batting - Pitching for Provo Mango : LHP Carlos López
Pitching: LHP Carlos López
Batting: RHB Dale Epner 0-0: Called Strike
0-1: Swinging Strike
0-2: Ball
1-2: Strikes out swinging
Batting: RHB Júlio Hernández 0-0: Called Strike
0-1: Ball
1-1: SINGLE (Groundball, 3S) (infield hit)
Batting: RHB Richard Trevithick 0-0: Ball
1-0: Called Strike
1-1: Ball
2-1: Swinging Strike
2-2: Fly out, F8 (Flyball, 8LD)
Batting: RHB Dallas Jiménez 0-0: Foul Ball, location: 2F
0-1: Foul Ball, location: 2F
0-2: Ball
Júlio Hernández steals 2nd base
1-2: Ball
2-2: 2-RUN HOME RUN (Flyball, 7LD), Distance : 369 ft
Batting: SHB Donnie Magee 0-0: Called Strike
0-1: Ball
1-1: Ball
2-1: Ball
3-1: Called Strike
3-2: Fly out, F2 (Popup, 13S)
Top of the 1st over - 2 runs, 2 hits, 0 errors, 0 left on base; Valley 2 - Provo 0
BOTTOM OF THE 1ST
Provo Mango batting - Pitching for Valley Blue Sox : RHP Jessie Young
Pitching: RHP Jessie Young
Batting: SHB Joe Chute 0-0: Called Strike
0-1: Ball
1-1: Foul Ball, location: 2F
1-2: Ball
2-2: Ball
3-2: Foul Ball, location: 2F
3-2: SOLO HOME RUN (Flyball, 9LD), Distance : 356 ft
Batting: LHB Nicol van Gorp 0-0: Called Strike
0-1: Foul Ball, location: 2F
0-2: Ball
1-2: Ball
2-2: Ball
3-2: Base on Balls
Batting: RHB Alfonso Cabedo 0-0: Ball
1-0: Ball
2-0: Foul Ball, location: 2F
2-1: Ball
3-1: Called Strike
3-2: Fly out, F9 (Flyball, 89S)
Batting: RHB António Amaya 0-0: Called Strike
0-1: Ball
1-1: Called Strike
1-2: Grounds into double play, 6-4-3 (Groundball, 6)
Bottom of the 1st over - 1 run, 1 hit, 0 errors, 0 left on base; Valley 2 - Provo 1
TOP OF THE 2ND
Valley Blue Sox batting - Pitching for Provo Mango : LHP Carlos López
Batting: RHB Jon Huband 0-0: Called Strike
0-1: Fly out, F8 (Flyball, 8RD)
Batting: LHB Walter Butler 0-0: Ball
1-0: Called Strike
1-1: Called Strike
1-2: Ball
2-2: Foul Ball, location: 2F
2-2: Fly out, F6 (Popup, 6M)
Batting: SHB Vincent Griffin 0-0: Ball
1-0: Called Strike
1-1: Called Strike
1-2: Strikes out swinging
Top of the 2nd over - 0 runs, 0 hits, 0 errors, 0 left on base; Valley 2 - Provo 1
BOTTOM OF THE 2ND
Provo Mango batting - Pitching for Valley Blue Sox : RHP Jessie Young
Batting: RHB Tim Jordan 0-0: Called Strike
0-1: Called Strike
0-2: Ball
1-2: Ball
2-2: Foul Ball, location: 2F
2-2: Ball
3-2: Fly out, F9 (Flyball, 9)
Batting: LHB Bartolo Vega 0-0: Ball
1-0: Called Strike
1-1: Foul Ball, location: 2F
1-2: Ball
2-2: Ground out 4-3 (Groundball, 4S)
Batting: RHB Esteban León 0-0: Called Strike
0-1: Ball
1-1: Foul Ball, location: 2F
1-2: Strikes out swinging
Bottom of the 2nd over - 0 runs, 0 hits, 0 errors, 0 left on base; Valley 2 - Provo 1
TOP OF THE 3RD
Valley Blue Sox batting - Pitching for Provo Mango : LHP Carlos López
Batting: RHB Jeff Fox 0-0: Called Strike
0-1: Bunted foul
0-2: Ball
1-2: Ground out 3-1 (Groundball, 34)
Batting: RHB Dale Epner 0-0: Ball
1-0: Ball
2-0: Foul Ball, location: 2F
2-1: SINGLE (Line Drive, 4M)
Batting: RHB Júlio Hernández 0-0: Called Strike
0-1: Called Strike
0-2: Ball
1-2: Grounds into double play, 1-4-3 (Groundball, 15)
Top of the 3rd over - 0 runs, 1 hit, 0 errors, 0 left on base; Valley 2 - Provo 1
BOTTOM OF THE 3RD
Provo Mango batting - Pitching for Valley Blue Sox : RHP Jessie Young
Batting: LHB Louis Tison 0-0: Ball
1-0: Ball
2-0: Ground out 3-1 (Groundball, 34)
Batting: RHB Daniel Woods 0-0: Ball
1-0: Ground out 6-3 (Groundball, 6)
Batting: SHB Joe Chute 0-0: Called Strike
0-1: Swinging Strike
0-2: Ball
1-2: Ball
2-2: Ball
3-2: Strikes out looking
Bottom of the 3rd over - 0 runs, 0 hits, 0 errors, 0 left on base; Valley 2 - Provo 1
TOP OF THE 4TH
Valley Blue Sox batting - Pitching for Provo Mango : LHP Carlos López
Batting: RHB Richard Trevithick 0-0: Ball
1-0: Ball
2-0: Called Strike
2-1: Called Strike
2-2: Strikes out swinging
Batting: RHB Dallas Jiménez 0-0: Called Strike
0-1: Foul Ball, location: 2F
0-2: Ball
1-2: Foul Ball, location: 2F
1-2: Ball
2-2: Strikes out swinging
Batting: SHB Donnie Magee 0-0: Called Strike
0-1: Ball
1-1: Foul Ball, location: 2F
1-2: Foul Ball, location: 2F
1-2: Fly out, F9 (Flyball, 9LD)
Top of the 4th over - 0 runs, 0 hits, 0 errors, 0 left on base; Valley 2 - Provo 1
BOTTOM OF THE 4TH
Provo Mango batting - Pitching for Valley Blue Sox : RHP Jessie Young
Batting: LHB Nicol van Gorp 0-0: Called Strike
0-1: Ball
1-1: Foul Ball, location: 2F
1-2: Foul Ball, location: 2F
1-2: Strikes out swinging
Batting: RHB Alfonso Cabedo 0-0: Ball
1-0: Fly out, F4 (Line Drive, 4M)
Batting: RHB António Amaya 0-0: Ball
1-0: Swinging Strike
1-1: SINGLE (Line Drive, 7LS)
Batting: RHB Tim Jordan 0-0: Ball
Wild Pitch!
António Amaya to second
1-0: Swinging Strike
1-1: Foul Ball, location: 2F
1-2: Strikes out swinging
Bottom of the 4th over - 0 runs, 1 hit, 0 errors, 1 left on base; Valley 2 - Provo 1
TOP OF THE 5TH
Valley Blue Sox batting - Pitching for Provo Mango : LHP Carlos López
Batting: RHB Jon Huband 0-0: Ball
1-0: Called Strike
1-1: Bunt for hit - play at first, batter OUT! 1-3
Batting: LHB Walter Butler 0-0: Ball
1-0: Foul Ball, location: 2F
1-1: Swinging Strike
1-2: Ball
2-2: SINGLE (Line Drive, 34D)
Batting: SHB Vincent Griffin 0-0: Called Strike
0-1: Ball
1-1: Swinging Strike
1-2: Foul Ball, location: 2F
1-2: Strikes out swinging
Batting: RHB Jeff Fox 0-0: Ball
1-0: TRIPLE (Flyball, 8RXD)
Walter Butler scores
Batting: RHB Dale Epner 0-0: Called Strike
0-1: SINGLE (Line Drive, 89S)
Jeff Fox scores
Batting: RHB Júlio Hernández 0-0: Ball
1-0: Ball
2-0: Called Strike
2-1: Fly out, F4 (Popup, 4)
Top of the 5th over - 2 runs, 3 hits, 0 errors, 1 left on base; Valley 4 - Provo 1
BOTTOM OF THE 5TH
Provo Mango batting - Pitching for Valley Blue Sox : RHP Jessie Young
Batting: LHB Bartolo Vega 0-0: Ball
1-0: Called Strike
1-1: Ball
2-1: Called Strike
2-2: Foul Ball, location: 2F
2-2: Ball
3-2: Foul Ball, location: 2F
3-2: Base on Balls
Batting: RHB Esteban León 0-0: Called Strike
0-1: Foul Ball, location: 2F
0-2: Ball
Wild Pitch!
Bartolo Vega to second
1-2: Foul Ball, location: 2F
1-2: Fly out, F3 (Popup, 3S)
Batting: LHB Louis Tison 0-0: Swinging Strike
0-1: Ball
1-1: Swinging Strike
1-2: Strikes out swinging
Batting: RHB Daniel Woods 0-0: Foul Ball, location: 2F
0-1: Ball
1-1: SINGLE (Flyball, 7LS)
Bartolo Vega to third
Runner from 3rd tries for Home, SAFE, no throw
Batting: SHB Joe Chute 0-0: Called Strike
0-1: Swinging Strike
0-2: Ball
1-2: Foul Ball, location: 2F
1-2: Strikes out swinging
Bottom of the 5th over - 1 run, 1 hit, 0 errors, 1 left on base; Valley 4 - Provo 2
TOP OF THE 6TH
Valley Blue Sox batting - Pitching for Provo Mango : LHP Carlos López
Batting: RHB Richard Trevithick 0-0: Ball
1-0: Ball
2-0: Called Strike
2-1: Foul Ball, location: 2F
2-2: Ground out 5-3 (Groundball, 56)
Batting: RHB Dallas Jiménez 0-0: Ball
1-0: Ball
2-0: Ball
3-0: Base on Balls
Pitching: RHP Roberto Maldonado
Batting: SHB Donnie Magee 0-0: SINGLE (Groundball, 34D)
Dallas Jiménez to second
Runner from 2nd tries for 3rd, SAFE, no throw
Batting: RHB Jon Huband 0-0: Ground out 5-3 (Groundball, 5)
Donnie Magee to second
Batting: LHB Walter Butler 0-0: Called Strike
0-1: Ball
1-1: Ball
2-1: Ball
3-1: Called Strike
3-2: Strikes out swinging
Top of the 6th over - 0 runs, 1 hit, 0 errors, 2 left on base; Valley 4 - Provo 2
BOTTOM OF THE 6TH
Provo Mango batting - Pitching for Valley Blue Sox : RHP Jessie Young
Batting: LHB Nicol van Gorp 0-0: Ground out 4-3 (Groundball, 4)
Batting: RHB Alfonso Cabedo 0-0: Fly out, F9 (Flyball, 9LM)
Batting: RHB António Amaya 0-0: Ball
1-0: Called Strike
1-1: Ball
2-1: SINGLE (Flyball, 8RS)
Pitching: RHP Eddo Mud
Batting: RHB Tim Jordan 0-0: Ball
1-0: Called Strike
1-1: Ball
António Amaya is caught stealing 2nd base
Bottom of the 6th over - 0 runs, 1 hit, 0 errors, 0 left on base; Valley 4 - Provo 2
TOP OF THE 7TH
Valley Blue Sox batting - Pitching for Provo Mango : RHP Roberto Maldonado
Batting: SHB Vincent Griffin 0-0: Foul Ball, location: 2F
0-1: Called Strike
0-2: Strikes out looking
Batting: RHB Jeff Fox 0-0: Ball
1-0: Ball
2-0: Swinging Strike
2-1: Ball
3-1: Ground out 4-3 (Groundball, 4M)
Batting: RHB Dale Epner 0-0: Ball
1-0: Ball
2-0: Ball
3-0: Base on Balls
Batting: RHB Júlio Hernández 0-0: SINGLE (Line Drive, 56D)
Dale Epner to second
Batting: RHB Richard Trevithick 0-0: Ball
1-0: Foul Ball, location: 2F
1-1: Ball
2-1: Called Strike
2-2: Strikes out swinging
Top of the 7th over - 0 runs, 1 hit, 0 errors, 2 left on base; Valley 4 - Provo 2
BOTTOM OF THE 7TH
Provo Mango batting - Pitching for Valley Blue Sox : RHP Eddo Mud
Batting: RHB Tim Jordan 0-0: Foul Ball, location: 2F
0-1: Foul Ball, location: 2F
0-2: Ball
1-2: Ball
2-2: Strikes out swinging
Batting: LHB Bartolo Vega 0-0: Called Strike
0-1: Ball
1-1: Ball
2-1: Foul Ball, location: 2F
2-2: Ball
3-2: Base on Balls
Batting: RHB Esteban León 0-0: Ball
1-0: Foul Ball, location: 2F
1-1: Ball
2-1: Ground out U3 (Groundball, 34)
Bartolo Vega to second
Batting: LHB Louis Tison 0-0: Ground out 4-3 (Groundball, 4)
Bottom of the 7th over - 0 runs, 0 hits, 0 errors, 1 left on base; Valley 4 - Provo 2
TOP OF THE 8TH
Valley Blue Sox batting - Pitching for Provo Mango : RHP Roberto Maldonado
Batting: RHB Dallas Jiménez 0-0: Ground out 6-3 (Groundball, 6)
Batting: SHB Donnie Magee 0-0: Called Strike
0-1: Swinging Strike
0-2: Ground out 3-1 (Groundball, 34)
Batting: RHB Jon Huband 0-0: Called Strike
0-1: Ball
1-1: Ball
2-1: Swinging Strike
2-2: Fly out, F9 (Flyball, 9LDF)
Top of the 8th over - 0 runs, 0 hits, 0 errors, 0 left on base; Valley 4 - Provo 2
BOTTOM OF THE 8TH
Provo Mango batting - Pitching for Valley Blue Sox : RHP Eddo Mud
Batting: RHB Daniel Woods 0-0: Ball
1-0: Ball
2-0: Ball
3-0: Called Strike
3-1: Fly out, F8 (Flyball, 8RS)
Batting: SHB Joe Chute 0-0: Foul Ball, location: 2F
0-1: Ball
1-1: Ball
2-1: Foul Ball, location: 2F
2-2: Ground out U3 (Groundball, 3)
Batting: LHB Nicol van Gorp 0-0: Ball
1-0: SINGLE (Groundball, 34D)
Batting: RHB Alfonso Cabedo 0-0: Foul Ball, location: 2F
0-1: Ball
1-1: Swinging Strike
1-2: Foul Ball, location: 2F
1-2: Foul Ball, location: 2F
1-2: Foul Ball, location: 2F
1-2: Strikes out swinging
Bottom of the 8th over - 0 runs, 1 hit, 0 errors, 1 left on base; Valley 4 - Provo 2
TOP OF THE 9TH
Valley Blue Sox batting - Pitching for Provo Mango : RHP Roberto Maldonado
Pitching: LHP Román Ornelas
Batting: LHB Walter Butler 0-0: Ball
1-0: Ground out U3 (Groundball, 34S)
Batting: SHB Vincent Griffin 0-0: Called Strike
0-1: Foul Ball, location: 2F
0-2: Ball
1-2: Strikes out swinging
Batting: RHB Jeff Fox 0-0: Ball
1-0: Called Strike
1-1: Foul Ball, location: 2F
1-2: Ball
2-2: Foul Ball, location: 2F
2-2: Ball
3-2: Base on Balls
Batting: RHB Dale Epner 0-0: Ball
1-0: Ball
2-0: Called Strike
2-1: Fly out, F4 (Line Drive, 4MD)
Top of the 9th over - 0 runs, 0 hits, 0 errors, 1 left on base; Valley 4 - Provo 2
BOTTOM OF THE 9TH
Provo Mango batting - Pitching for Valley Blue Sox : RHP Eddo Mud
Pitching: RHP Tom Holloway
Batting: RHB António Amaya 0-0: Ball
1-0: Swinging Strike
1-1: Ball
2-1: Fly out, F4 (Popup, 4)
Batting: RHB Tim Jordan 0-0: Swinging Strike
0-1: Ground out 6-3 (Groundball, 6S)
Batting: LHB Bartolo Vega 0-0: Fly out, F9 (Flyball, 9S)
Bottom of the 9th over - 0 runs, 0 hits, 0 errors, 0 left on base; Valley 4 - Provo 2
Friday, March 29th, 2019 - OOTP Baseball 18.8 Build 76